 Dungeon Crawl Stone Soup version 0.26-a0-597-gb535b0901c (webtiles) character file.

Game seed: 11100115061737498389

4772 Inarius the Grappler (level 10, -3/91 HPs)
             Began as a Troll Chaos Knight on Sept 14, 2020.
             Was a Plaything of Xom.
             Slain by a killer bee (9 damage)
             ... on level 10 of the Dungeon.
             The game lasted 00:09:40 (6261 turns).

Inarius the Grappler (Troll Chaos Knight)           Turns: 6261, Time: 00:09:40

Health: -3/91      AC: 12    Str: 25    XL:     10   Next: 23%
Magic:  9/9        EV: 11    Int:  6    God:    Xom [....*.]
Gold:   542        SH:  9    Dex:  7    Spells: 9/9 levels left

rFire    + . .     SeeInvis .     - Unarmed
rCold    + . .     Faith    .   s - +0 kite shield
rNeg     . . .     Spirit   .   a - +2 robe
rPois    +         Reflect  .   (helmet restricted)
rElec    +         Harm     .   (no cloak)
rCorr    +                      (gloves unavailable)
MR       .....                  (boots unavailable)
Stlth    +.........             g - amulet of the acrobat
HPRegen  0.65/turn              i - ring of flight
MPRegen  0.11/turn              k - +4 ring of protection

@: mighty, lethally poisoned (-3 -> -4), resistant
A: large, unfitting armour, claws 3, repulsion field 1, clumsy 1, dopey 1,
regeneration 1, shaggy fur 1, tough skin 3
a: Renounce Religion, Evoke Flight


You were on level 10 of the Dungeon.
You worshipped Xom.
You were a beloved toy of Xom.
You visited 1 branch of the dungeon, and saw 10 of its levels.

You collected 684 gold pieces.
You spent 142 gold pieces at shops.

Inventory:

Hand Weapons
 B - the +7 mace "Dyvo" {speed, rC- rN+ Stlth+}
   (You found it on level 9 of the Dungeon)

   Attacks with this weapon are significantly faster.
   It makes you vulnerable to cold.
   It protects you from negative energy.
   It makes you more stealthy.
Armour
 a - a +2 robe (worn)
 s - a +0 kite shield (worn)
Jewellery
 g - an amulet of the acrobat (around neck)
 i - a ring of flight (left claw)
 k - a +4 ring of protection (right claw)
 C - a +4 ring of evasion {unknown}
Wands
 t - a wand of random effects (8)
 v - a wand of flame (13)
 A - a wand of digging (5)
Scrolls
 b - 2 scrolls of blinking {unknown}
 c - a scroll of fog {unknown}
 d - 4 scrolls of magic mapping
 j - 2 scrolls of teleportation
 l - 4 scrolls of enchant weapon
 m - 3 scrolls of amnesia
 n - 3 scrolls of enchant armour
 o - 6 scrolls of remove curse {unknown}
 p - a scroll of holy word
 q - a scroll of fear
 w - a scroll of random uselessness {unknown}
 y - a scroll of immolation {unknown}
Potions
 e - a potion of heal wounds
 f - 5 potions of curing
 h - 2 potions of might
 r - a potion of cancellation {unknown}
 u - 2 potions of resistance
 x - a potion of flight {unknown}
 z - a potion of stabbing


   Skills:
 + Level 3.3 Fighting
 + Level 4.9 Dodging
 + Level 3.6 Shields
 * Level 12.9 Unarmed Combat
 + Level 0.2 Evocations


You had 9 spell levels left.
You didn't know any spells.
Your spell library contained the following spells:

 Spells                   Type           Power        Failure   Level
 Magic Dart               Conj           #...         85%         1
 Searing Ray              Conj           #.....       94%         2
 Dazzling Flash           Conj/Hex       #.....       99%         3
 Fulminant Prism          Conj/Hex       #.........   100%        4
 Iskenderun's Mystic Bla  Conj/Tloc      #.......     100%        4


Dungeon Overview and Level Annotations

Branches:
Dungeon (10/15)            Temple (0/1) D:7
   Lair: D:8-11         Orc: D:9-12

Altars:
Cheibriados
Dithmenos
Makhleb
Okawaru
Trog
Vehumet
Wu Jian
Yredelemnul
The Shining One

Shops:
D:4 *   D:6 !

Annotations:
D:7 exclusion: ice statue
D:9 exclusion: obsidian statue


Innate Abilities, Weirdness & Mutations

You are too large for most types of armour.
You have claws for hands.
Your natural rate of healing is unusually fast.
You are covered in fur. (AC +1)
You have extremely tough skin. (AC +3)
You are surrounded by a mild repulsion field. (EV +2)
You are clumsy. (Dex -2)
You are dopey. (Int -2)


Message History

You completely miss something.
You feel sick. You block something's attack.
Something stings you but does no damage.
You closely miss something.
You feel sick. You block something's attack.
Evoke which item? (* to show all) (? for menu, Esc to quit)
Press: ? - help, Shift-Dir - straight line The fireball explodes!
The fireball engulfs something!
The fireball engulfs you. You resist.
* * * LOW HITPOINT WARNING * * *
You feel sick.
You hear a shout!
You hear an angry hiss.
You hear a shout! x4
Something stings you.
* * * LOW HITPOINT WARNING * * *
Something stings you but does no damage.
Unknown command.
You completely miss something.
Something stings you but does no damage.
Something stings you.
* * * LOW HITPOINT WARNING * * *
You miss something.
You feel sick. Something stings you!
You die...

#....$.......#
###.......##.##
#..)........#..
####...........o..
#....))..#.##..... .
##..##.).### $...
...##.#####).#.......
......†#.....).(....
#......@{...........
.........###........
..>......# ###.##...
.......... ... .#
........... #... #
..####....#. ... .
##...##. ##.## #.


There were no monsters in sight!

Vanquished Creatures
  Pikel (D:8)
  A hippogriff (D:8)
  Eustachio (D:6)
  Grum (D:8)
  A black bear (D:8)
  3 sky beasts
  2 ice beasts
  2 wolves
  A phantom (D:7)
  3 ogres
  3 centaurs
  3 bullfrogs
  A gnoll sergeant (D:5)
  A water moccasin zombie (D:10)
  A scorpion (D:8)
  8 wights
  2 killer bees (D:10)
  5 howler monkeys
  5 hounds
  2 jellies
  3 centaur skeletons
  An orc wizard (D:4)
  A bullfrog skeleton (D:5)
  2 iguanas
  9 worker ants
  A hound zombie (D:6)
  A howler monkey zombie (D:5)
  A howler monkey skeleton (D:4)
  A gnoll (D:1)
  8 adders
  A white imp (D:6)
  2 ufetubi
  3 oozes
  An adder zombie (D:5)
  5 worms
  2 dart slugs (D:1)
  2 leopard geckos (D:4)
  10 orcs
  7 giant cockroaches
  10 goblins
  8 hobgoblins
  16 jackals
  6 quokkas
  3 ball pythons
  8 bats
  10 frilled lizards
  10 kobolds
  6 rats
185 creatures vanquished.

Vanquished Creatures (collateral kills)
  A two-headed ogre (D:10)
  A hippogriff (D:10)
  A phantom (D:10)
  An orc wizard (D:10)
  An ufetubus (D:7)
  A worm (D:9)
  An orc (D:10)
  A rat (D:9)
8 creatures vanquished.

Vanquished Creatures (others)
  A plant (D:7)
1 creature vanquished.

Grand Total: 194 creatures vanquished

Notes
Turn   | Place    | Note
-------+----------+-------------------------------------------
     0 | D:1      | Inarius the Troll Chaos Knight began the quest for the Orb.
     0 | D:1      | Reached XP level 1. HP: 22/22 MP: 0/0
   194 | D:1      | XOM: potion effect (haste)
   202 | D:1      | Reached XP level 2. HP: 29/29 MP: 1/1
   362 | D:1      | XOM: silly message
   434 | D:1      | XOM: silly message
   576 | D:1      | Reached XP level 3. HP: 36/36 MP: 2/2
   598 | D:1      | Reached skill level 4 in Unarmed Combat
   599 | D:1      | XOM: noise
   867 | D:2      | XOM: cloud trail
   943 | D:2      | Reached XP level 4. HP: 43/44 MP: 3/3
  1050 | D:2      | XOM: give mutation
  1050 | D:2      | Gained mutation: You are surrounded by a mild repulsion
                  | field. (EV +2) [Xom's grace]
  1275 | D:2      | XOM: god gift: 11 gold pieces
  1386 | D:3      | Reached skill level 5 in Unarmed Combat
  1624 | D:3      | Reached XP level 5. HP: 52/52 MP: 4/4
  1713 | D:3      | XOM: cloud trail
  1763 | D:3      | Found a glowing golden altar of the Shining One.
  1977 | D:3      | XOM is BORED!
  1977 | D:3      | XOM: give mutations
  1977 | D:3      | Gained mutation: You are clumsy. (Dex -2) [Xom's mischief]
  1977 | D:3      | Gained mutation: Your magical capacity is low. (-10% MP)
                  | [Xom's mischief]
  2340 | D:4      | Reached skill level 6 in Unarmed Combat
  2351 | D:4      | Reached XP level 6. HP: 59/59 MP: 4/4
  2389 | D:4      | XOM: silly message
  2421 | D:4      | Found a radiant altar of Vehumet.
  2429 | D:4      | Found Qanupil Wuot's Assorted Antiques.
  2432 | D:4      | Bought a scroll labeled POSCHAPOE PUPNAYTOZ for 19 gold
                  | pieces
  2432 | D:4      | Bought an emerald potion for 17 gold pieces
  2432 | D:4      | Bought a scroll labeled LOEFUE NODWAR for 19 gold pieces
  2432 | D:4      | Bought a dark potion for 17 gold pieces
  2519 | D:4      | Found an iron altar of Okawaru.
  2769 | D:4      | XOM: cloud trail
  2924 | D:5      | Entered Level 5 of the Dungeon
  3160 | D:5      | Reached skill level 7 in Unarmed Combat
  3179 | D:5      | XOM: cast spell 'Leda's Liquefaction'
  3182 | D:5      | Reached XP level 7. HP: 50/66 MP: 5/5
  3232 | D:5      | XOM: silly message
  3237 | D:5      | XOM: potion effect (stabbing)
  3238 | D:5      | XOM: potion effect (haste)
  3318 | D:5      | Reached skill level 8 in Unarmed Combat
  3432 | D:5      | XOM: silly message
  3445 | D:5      | XOM: silly message
  3521 | D:6      | XOM: potion effect (curing)
  3531 | D:6      | Noticed Eustachio
  3549 | D:6      | XOM: noise
  3553 | D:6      | XOM: confusion
  3563 | D:6      | Killed Eustachio
  3628 | D:6      | Found a snail-covered altar of Cheibriados.
  3628 | D:6      | Found a burning altar of Makhleb.
  3653 | D:6      | Reached skill level 9 in Unarmed Combat
  3653 | D:6      | Reached XP level 8. HP: 36/75 MP: 6/6
  3739 | D:6      | Found Durchud's Distillery.
  3743 | D:6      | Bought a potion of heal wounds for 70 gold pieces
  3835 | D:6      | XOM: give mutations
  3835 | D:6      | Gained mutation: Scrolls take you a little longer to read.
                  | [Xom's mischief]
  3835 | D:6      | Lost mutation: Your magical capacity is low. (-10% MP)
                  | [Xom's mischief]
  3835 | D:6      | Gained mutation: Your body sometimes deteriorates upon
                  | taking damage. [Xom's mischief]
  3955 | D:6      | XOM: give mutations
  3955 | D:6      | Lost mutation: Your body sometimes deteriorates upon taking
                  | damage. [Xom's mischief]
  3955 | D:6      | Lost mutation: Scrolls take you a little longer to read.
                  | [Xom's mischief]
  4018 | D:6      | Found a basalt altar of Yredelemnul.
  4058 | D:6      | Found a shadowy altar of Dithmenos.
  4196 | D:7      | XOM: cast spell 'Call Canine Familiar'
  4208 | D:7      | XOM: noise
  4256 | D:6      | XOM: god gift: 5 atropa-tipped darts
  4260 | D:7      | XOM: summons friendly shadow imp
  4270 | D:6      | XOM: noise
  4276 | D:6      | Reached skill level 1 in Shields
  4279 | D:6      | Reached skill level 10 in Unarmed Combat
  4600 | D:7      | Reached XP level 9. HP: 69/83 MP: 8/8
  4658 | D:7      | Found a staircase to the Ecumenical Temple.
  4784 | D:7      | Noticed an ice statue
  4794 | D:8      | Noticed Grum
  4803 | D:8      | Killed Grum
  4803 | D:8      | Reached skill level 11 in Unarmed Combat
  4918 | D:8      | Noticed Pikel
  4918 | D:8      | XOM: divination: detect items
  4928 | D:8      | Killed Pikel
  4941 | D:8      | XOM: potion effect (might)
  5042 | D:8      | Reached skill level 12 in Unarmed Combat
  5054 | D:8      | XOM: 2-stop teleportation journey
  5212 | D:8      | Found an ornate altar of the Wu Jian Council.
  5251 | D:8      | XOM: silly message
  5322 | D:9      | XOM: cast spell 'Leda's Liquefaction'
  5366 | D:9      | Found the +3 salamander hide armour {Flames rF++ rC--}
  5568 | D:9      | Got an encrusted mace
  5569 | D:9      | Identified the +7 mace "Dyvo" {speed, rC- rN+ Stlth+} (You
                  | found it on level 9 of the Dungeon)
  5647 | D:9      | Noticed an obsidian statue
  5665 | D:9      | Found a bloodstained altar of Trog.
  5665 | D:9      | Noticed a moth of wrath
  5678 | D:9      | XOM: cast spell 'Summon Ice Beast'
  5744 | D:9      | Reached XP level 10. HP: 88/91 MP: 9/9
  6150 | D:10     | Entered Level 10 of the Dungeon
  6151 | D:10     | XOM: confusion (+ monsters)
  6170 | D:10     | Noticed a two-headed ogre
  6179 | D:10     | XOM: cast spell 'Summon Hydra'
  6182 | D:10     | Killed a two-headed ogre
  6251 | D:10     | XOM: give mutation
  6251 | D:10     | Gained mutation: You are dopey. (Int -2) [Xom's mischief]
  6261 | D:10     | Slain by a killer bee

Illustrated notes

Levels and vault maps discovered:
D:1:      ncdulo_wetmaze, layout_basic
D:2:      minmay_evil_eye, layout_basic
D:3:      layout_basic, tso_altar
D:4:      layout_gridville, lemuel_doored_altar, fiery_altar_vehumet,
          serial_shops, nicolae_shop_crystal
D:5:      minmay_inner_zag, layout_cave_pools, chequers_serial_rivers_marsh
D:6:      layout_rooms, grunt_temple_overflow_cloverleaf, serial_shops, shop,
          dk_vineyard_2, uniq_eustachio
D:7:      lemuel_ice_statue, layout_cave_pools,
          minmay_temple_entry_gardened_gates
D:8:      layout_rooms, kennysheep_mini, uniq_grum, uniq_pikel
D:9:      layout_roguey, tgw_trog, roderic_roman_lattice, minivault_16
D:10:     layout_cave_pools, serial_shops, shop, jiyva_altar_1, uniq_josephine,
          uniq_psyche

Skill      XL: |  1  2  3  4  5  6  7  8  9 |
---------------+----------------------------+-----
Dodging        | 2 3 4 |  4.9
Unarmed Combat | 4 5 6 7 9 10 12 | 12.9
Fighting       | 3 |  3.3
Shields        | 2 3 |  3.6
Evocations     | |  0.2

Action                   |  1- 3 |  4- 6 |  7- 9 | 10-12 || total
-------------------------+-------+-------+-------+-------++-------
Melee: Unarmed           |   121 |   224 |   271 |    39 ||   655
       Punch             |     1 |     3 |       |       ||     4
Evoke: Wand              |       |       |     2 |     4 ||     6
  Use: Scroll            |       |     4 |     8 |     1 ||    13
       Potion            |       |       |       |     4 ||     4
 Stab: Sleeping          |       |     1 |       |       ||     1
       Distracted        |       |       |     1 |       ||     1
Armor: Robe              |    45 |    72 |   143 |    29 ||   289
Dodge: Dodged            |    74 |   119 |   209 |    26 ||   428
Block: Kite shield       |       |       |   137 |    27 ||   164

Table legend: (Time is in decaauts)
 A = Elapsed time spent in this place.
 B = Non-inter-level travel time spent in this place.
 C = Inter-level travel time spent in this place.
 D = Time resting spent in this place.
 E = Time spent auto-exploring this place.
 F = Levels seen in this place.
 G = Mean time per level.
                   A        B        C        D        E       F      G
               +--------+--------+--------+--------+--------+-----+--------+
         Total |   6160 |   5814 |    346 |    276 |   4282 |  10 |  616.0 |
       Dungeon |   6160 |   5814 |    346 |    276 |   4282 |  10 |  616.0 |
               +--------+--------+--------+--------+--------+-----+--------+

Top non-repeatable levels by time:
     D:9: 822 daAuts
     D:6: 792 daAuts
     D:3: 778 daAuts
     D:4: 757 daAuts
     D:1: 756 daAuts
     D:2: 587 daAuts
     D:7: 575 daAuts
     D:5: 553 daAuts
     D:8: 431 daAuts
    D:10: 104 daAuts
